 Dungeon Crawl Stone Soup version 0.25-a0-42-g6c54e25894 (webtiles) character file.

Game seed: 3996100237956420088, levelgen mode: deterministic

51 Gynju the Firebug (level 3, -2/19 HPs)
             Began as a Deep Elf Fire Elementalist on Oct 23, 2019.
             Slain by Sigmund
             ... wielding a cursed +0 scythe
              (15 damage)
             ... on level 2 of the Dungeon.
             The game lasted 00:01:34 (1459 turns).

Gynju the Firebug (Deep Elf Fire Elementalist)      Turns: 1459, Time: 00:01:35

Health: -2/19      AC:  2    Str:  5    XL:     3   Next: 58%
Magic:  5/10       EV: 13    Int: 20    God:
Gold:   147        SH:  0    Dex: 15    Spells: 8/9 levels left

rFire    . . .     SeeInvis .   d - +2 dagger (distort)
rCold    . . .     Gourm    .   (no shield)
rNeg     . . .     Faith    .   a - +0 robe
rPois    .         Spirit   .   (no helmet)
rElec    .         Reflect  .   (no cloak)
rCorr    .         Harm     .   (no gloves)
MR       .....                  (no boots)
Stlth    ++........             (no amulet)
HPRegen  0.06/turn              (no ring)
MPRegen  0.12/turn              (no ring)

@: no status effects
A: no striking features
a: no special abilities


You were on level 2 of the Dungeon.
You were not hungry.

You visited 1 branch of the dungeon, and saw 2 of its levels.

You collected 147 gold pieces.

Inventory:

Hand Weapons
 d - a +2 dagger of distortion (weapon)
Armour
 a - a +0 robe (worn)
Scrolls
 b - 2 scrolls of amnesia {unknown}
 e - 3 scrolls of teleportation {unknown}
 h - a scroll of noise {unknown}
 i - a scroll of enchant armour {unknown}
Potions
 f - 2 potions of might {unknown}
Comestibles
 c - 3 rations
 g - 9 chunks of flesh


   Skills:
 + Level 3.2 Dodging
 - Level 2.4 Stealth
 + Level 3.7 Spellcasting
 + Level 2.1 Conjurations
 + Level 3.8 Fire Magic


You had 8 spell levels left.
You knew the following spells:

 Your Spells              Type           Power        Failure   Level  Hunger
a - Flame Tongue          Conj/Fire      ###..        3%          1    None

Your spell library contained the following spells:

 Spells                   Type           Power        Failure   Level  Hunger
 Throw Flame              Conj/Fire      ###...       6%          2    ##.....
 Conjure Flame            Conj/Fire      ###.....     12%         3    ###....
 Inner Flame              Hex/Fire       ##......     19%         3    ###....
 Sticky Flame             Conj/Fire      ###.....     36%         4    ####...
 Fireball                 Conj/Fire      ###.......   71%         5    ######.


Dungeon Overview and Level Annotations

Branches:
Dungeon (2/15)

Altars:
Cheibriados

Annotations:
D:2 Sigmund


Message History

The flame tongue misses Sigmund.
Casting: Flame Tongue (safe; 3% risk of failure)
Confirm with . or Enter, or press ? or * to list all spells.
Aiming: Flame Tongue (safe; 3% risk of failure)
Press: ? - help, Shift-Dir - straight line, f/p - Sigmund
Aim: Sigmund, wielding a +0 scythe and wearing a +0 leather armour (heavily wounded)
The flame tongue hits Sigmund.
Sigmund is heavily wounded.
Sigmund points at you and mumbles some strange words.
The magic dart hits you.
Casting: Flame Tongue (safe; 3% risk of failure)
Confirm with . or Enter, or press ? or * to list all spells.
Aiming: Flame Tongue (safe; 3% risk of failure)
Press: ? - help, Shift-Dir - straight line, f/p - Sigmund
Aim: Sigmund, wielding a +0 scythe and wearing a +0 leather armour (heavily wounded)
The flame tongue hits Sigmund.
Sigmund is severely wounded.
Sigmund hits you from afar with a cursed +0 scythe!
Ouch! That really hurt!
You die...

###########.#.... #
...[........#....
#.#.########........#....
.........................
#.#.#....###)#####(...รท..
#.#.####.###.....#.##....
[.@....@.........#.##....
#####.##.#######.#.##....
# #@# #......... #.#
#..###.... ... #..# #....
#...# ...##.... #...#
..#.##.... #<#.#
###..##.## #. .#.
#......... #.
.#.####.##..#.##
#............##


You could see Sigmund.

Vanquished Creatures
  A dart slug (D:1)
  4 leopard geckos
  An orc (D:2)
  3 bats
  3 giant cockroaches
  7 goblins
  4 hobgoblins
  5 jackals
  A ball python (D:2)
  2 frilled lizards
  3 kobolds
  6 rats
40 creatures vanquished.

Notes
Turn   | Place    | Note
-------+----------+-------------------------------------------
     0 | D:1      | Gynju the Deep Elf Fire Elementalist began the quest for
                  | the Orb.
     0 | D:1      | Reached XP level 1. HP: 10/10 MP: 6/6
   134 | D:1      | Reached XP level 2. HP: 10/15 MP: 1/8
   748 | D:1      | Reached XP level 3. HP: 17/19 MP: 3/10
  1184 | D:2      | Found a snail-covered altar of Cheibriados.
  1398 | D:2      | Noticed Sigmund
  1459 | D:2      | Slain by Sigmund

Levels and vault maps discovered:
D:1:      dpeg_arrival_round_c, layout_rooms
D:2:      layout_basic, xom_redecorated, lemuel_crystal_altar,
          chequers_ecumenical_altar_twisty, uniq_sigmund

Skill      XL: |  1  2  3 |
---------------+----------+-----
Dodging        | 3 |  3.2
Conjurations   | 2 |  2.1
Stealth        | |  2.4
Spellcasting   | |  3.7
Fire Magic     | |  3.8

Action                   || total
-------------------------++-------
Melee: Dagger            ||     5
 Cast: Flame Tongue      ||    75
  Eat: Chunk             ||     1
Armor: Robe              ||    10
Dodge: Dodged            ||    30

Table legend:
 A = Non-vault XP
 B = Vault XP
 C = Vault XP percentage of total XP
 D = Non-vault monster count
 E = Vault monster count
 F = Vault count percentage of total count
                 A         B        C        D         E       F
            +---------+---------+-------+---------+---------+-------
      Total |      74 |       0 |   0.0 |      40 |       0 |   0.0
            +---------+---------+-------+---------+---------+-------
        D:1 |      47 |       0 |   0.0 |      25 |       0 |   0.0
        D:2 |      27 |       0 |   0.0 |      15 |       0 |   0.0
            +---------+---------+-------+---------+---------+-------
